 Dungeon Crawl Stone Soup version 0.31-a0-133-gaae73658be (webtiles) character file.

Game seed: 15289278663879080034

2750 Laraso the Basher (level 9, 0/72 HPs)
             Began as an Armataur Berserker on May 27, 2023.
             Was an Elder of Trog.
             Slain by an unseen horror (4 damage)
             ... on level 7 of the Dungeon on June 3, 2023.
             The game lasted 00:13:30 (7360 turns).

Laraso the Basher (Armataur Berserker)              Turns: 7360, Time: 00:13:31

Health: 0/72       AC: 14    Str: 24    XL:     9   Next: 41%
Magic:  9/9        EV:  8    Int:  7    God:    Trog [****..]
Gold:   263        SH:  0    Dex: 13    Spells: 8/8 levels left

rFire   . . .        a - +0 morningstar
rCold   . . .        (no shield)
rNeg    . . .        e - +0 scale mail
rPois   .            o - +0 helmet
rElec   .            x - +2 cloak {Stlth+}
rCorr   .            (no gloves)
SInv    .            (no barding)
Will    ++...        (no amulet)
Stlth   +            h - +4 ring of protection
HPRegen 1.32/turn    (no ring)
MPRegen 0.11/turn

%: roll
@: strong-willed, regenerating
A: large, rugged brown scales 3, deformed body, armoured tail, roll, long
tongue, awkward tongue
a: Renounce Religion, Berserk, Trog's Hand, Brothers in Arms


You were on level 7 of the Dungeon.
You worshipped Trog.
Trog was greatly pleased with you.
You visited 1 branch of the dungeon, and saw 7 of its levels.

You collected 411 gold pieces.
You spent 148 gold pieces at shops.

Inventory:

Hand Weapons
 a - a +0 morningstar (weapon)
Armour
 e - a +0 scale mail (worn)
 o - a +0 helmet (worn)
 x - a +2 cloak of stealth (worn)
Jewellery
 h - a +4 ring of protection (left hand)
Scrolls
 i - 3 scrolls of fog
 j - a scroll of noise {unknown}
 l - a scroll of amnesia {unknown}
 p - 2 scrolls of teleportation
 q - a scroll of brand weapon {unknown}
 u - a scroll of enchant armour {unknown}
 v - a scroll of torment {unknown}
 w - a scroll of blinking
 y - a scroll of silence {unknown}
 z - a scroll of acquirement {unknown}
 A - a scroll of enchant weapon {unknown}
 B - a scroll of fear {unknown}
 D - a scroll of identify
Potions
 b - 2 potions of lignification
 c - a potion of cancellation
 d - a potion of mutation
 f - a potion of haste {unknown}
 g - 2 potions of curing
 k - a potion of enlightenment {unknown}
 m - 2 potions of heal wounds
 n - 2 potions of brilliance
 r - a potion of ambrosia {unknown}
 s - a potion of attraction {unknown}
 t - a potion of might {unknown}
 C - a potion of berserk rage {unknown}


   Skills:
 - Level 2.6 Fighting
 * Level 12.1 Maces & Flails
 - Level 2.4 Armour
 - Level 1.3 Dodging


You had 8 spell levels left.
You didn't know any spells.
Your spell library was empty.

Dungeon Overview and Level Annotations

Branches:
Dungeon (7/15)             Temple (0/1) D:5

Altars:
Fedhas
Kikubaaqudgha
Okawaru
Uskayaw
Zin
The Shining One

Shops:
D:3 (   D:4 ?(=!


Innate Abilities, Weirdness & Mutations

You are completely covered in rugged brown scales. (AC +3, +7% HP)
Armour fits poorly on your strangely shaped body.
You have a long armoured tail.
You roll when moving toward enemies. (Rampage)
Your long tongue fully drains potion bottles. (2x potion effects)
Your tongue gives you trouble enunciating. (1.5x scroll delay)


Message History

You see here a potion of lignification.
b - 2 potions of lignification (gained 1)
Something hits you but does no damage.
There are no items here.
Something hits you.
There is a stone staircase leading down here.
Something hits you.
* * * LOW HITPOINT WARNING * * *
Something hits you but does no damage.
Something hits you but does no damage. x2
Something hits you but does no damage. x2
Something hits you.
* * * LOW HITPOINT WARNING * * *
Something hits you but does no damage.
You hit something but do no damage.
Your tail-slap misses something.
Something hits you but does no damage.
You closely miss something. You tail-slap something.
Something hits you but does no damage. x2
You swing at nothing.
You closely miss something. Something hits you.
* * * LOW HITPOINT WARNING * * *
You swing at nothing.
You barely miss something.
Your tail-slap misses something.
Something hits you.
* * * LOW HITPOINT WARNING * * *
You swing at nothing.
Something hits you.
* * * LOW HITPOINT WARNING * * *
You barely miss something. Something hits you.
* * * LOW HITPOINT WARNING * * *
You swing at nothing.
Something hits you.
* * * LOW HITPOINT WARNING * * *
You closely miss something.
Your tail-slap misses something.
Something hits you.
* * * LOW HITPOINT WARNING * * *
Something hits you but does no damage.
You barely miss something.
Your tail-slap misses something.
Something hits you but does no damage.
Your skin crawls.
You feel strong-willed. Something hits you.
You die...

#...##.# #.## #...##.#
..$.. ...# ##.###.#
..... ..# #.# #.# ....#
..#### #.# #.# ...$.
#.##.. .. #.# ....#
#.##.# #.#
....####.##.#########.#
....†.#...#.....@.....#
...).~..>....##########
.##.#.#...#.##
#.#†##.##.# #.#.##.##.#
#.#.##.##.# #.........#
.......#### ....####


There were no monsters in sight!

Vanquished Creatures
  Menkaure (D:7)
  2 ice beasts
  2 sky beasts (D:7)
  2 centaurs
  3 black bears
  A phantom (D:6)
  A kobold brigand (D:7)
  A gnoll sergeant (D:6)
  A bullfrog (D:7)
  7 scorpions
  4 wights (D:6)
  A howler monkey (D:2)
  4 hounds
  A jelly (D:4)
  4 orc priests
  2 gnoll boudas
  4 iguanas
  A sleepcap (D:4)
  2 orc wizards
  Robin (D:2)
  11 gnolls
  13 adders
  A shadow imp (D:5)
  A white imp (D:6)
  4 ufetubi
  3 worms
  5 dart slugs
  10 orcs
  2 ball pythons
  4 endoplasms
  7 giant cockroaches
  7 hobgoblins
  6 jackals
  3 quokkas
  7 bats
  3 frilled lizards
  16 goblins
  13 kobolds
  2 rats
163 creatures vanquished.

Notes
Turn   | Place    | Note
-------+----------+-------------------------------------------
     0 | D:1      | Laraso the Armataur Berserker began the quest for the Orb.
     0 | D:1      | Reached XP level 1. HP: 19/19 MP: 1/1
    89 | D:1      | Reached skill level 3 in Maces & Flails
   120 | D:1      | Reached XP level 2. HP: 26/26 MP: 2/2
   842 | D:1      | Reached XP level 3. HP: 32/32 MP: 3/3
   961 | D:2      | Noticed a scorpion
  1050 | D:2      | Killed a scorpion
  1051 | D:2      | Reached skill level 4 in Maces & Flails
  1051 | D:2      | Reached XP level 4. HP: 39/39 MP: 4/4
  1135 | D:2      | Reached ** piety under Trog
  1195 | D:2      | Reached skill level 5 in Maces & Flails
  1267 | D:2      | Reached XP level 5. HP: 42/44 MP: 5/5
  1601 | D:2      | Noticed Robin
  1631 | D:2      | Killed Robin
  1632 | D:2      | Reached skill level 6 in Maces & Flails
  1744 | D:3      | Noticed a black bear
  1777 | D:2      | Reached *** piety under Trog
  1832 | D:3      | Killed a black bear
  1833 | D:3      | Reached XP level 6. HP: 53/53 MP: 6/6
  1974 | D:3      | Found Yzyhed's Antique Weapon Emporium.
  2074 | D:3      | Found an ancient bone altar of Kikubaaqudgha.
  2289 | D:3      | Found a blossoming altar of Fedhas.
  2909 | D:3      | Reached skill level 7 in Maces & Flails
  3079 | D:4      | Found Beut's Distillery.
  3138 | D:4      | Bought a potion of curing for 42 gold pieces
  3138 | D:4      | Bought a potion of heal wounds for 70 gold pieces
  3264 | D:4      | Reached XP level 7. HP: 33/59 MP: 7/7
  3576 | D:4      | Found Vipukis's Antique Weapon Boutique.
  3599 | D:4      | Found an iron altar of Okawaru.
  3800 | D:3      | Reached skill level 8 in Maces & Flails
  3927 | D:4      | Upgraded the game from 0.31-a0-108-gdf935468f2 to
                  | 0.31-a0-133-gaae73658be
  3968 | D:4      | Found Ekasuem's Magic Scroll Boutique.
  3972 | D:4      | Bought a scroll of teleportation for 36 gold pieces
  4007 | D:4      | Found a glowing silver altar of Zin.
  4101 | D:4      | Found Zumped's Jewellery Shop.
  4378 | D:5      | Entered Level 5 of the Dungeon
  4425 | D:5      | Found a staircase to the Ecumenical Temple.
  4751 | D:5      | Reached XP level 8. HP: 66/66 MP: 8/8
  4765 | D:5      | Reached skill level 9 in Maces & Flails
  5025 | D:5      | Found a sand-covered staircase.
  5182 | D:5      | Identified the +7 hand axe of Nigiusmonk {speed, SInv}
  5680 | D:6      | Found a glowing golden altar of the Shining One.
  5695 | D:6      | Reached **** piety under Trog
  5853 | D:6      | Reached skill level 10 in Maces & Flails
  6223 | D:6      | Found a hide-covered altar of Uskayaw.
  6340 | D:6      | Reached skill level 11 in Maces & Flails
  6623 | D:6      | Reached XP level 9. HP: 72/72 MP: 9/9
  6982 | D:7      | Noticed Menkaure
  6986 | D:7      | Killed Menkaure
  7322 | D:7      | Reached skill level 12 in Maces & Flails
  7357 | D:7      | HP: 3/72 [something (6)]
  7360 | D:7      | Slain by an unseen horror

Illustrated notes

Levels and vault maps discovered:
D:1:      psy_arrival_dodecagon, layout_basic, minmay_worlds_worst_comb
D:2:      layout_rooms, minmay_between, uniq_robin
D:3:      layout_basic, marbit_many_paths, mainiacjoe_overflow_chevrons,
          serial_shops, shop, minmay_misc_feat_hallway
D:4:      layout_basic, amcnicky_altar_gilded, zin_scriptorium, serial_shops,
          shop, shop, nicolae_inconvenience_store, shop, nicolae_the_louvre
D:5:      layout_gridville, minmay_temple_entry_ruins, enter_ossuary_1
D:6:      layout_gridville, nicolae_uskayaw_suspiria, tso_metal_star
D:7:      layout_loops_ring, serial_bayou_pond_d, uniq_joseph, uniq_menkaure

Skill      XL: |  1  2  3  4  5  6  7  8  9 |
---------------+----------------------------+-----
Maces & Flails | 3 4 5 6 7 8 11 12 | 12.1
Fighting       | |  2.6
Armour         | |  2.4
Dodging        | |  1.3

Action                     |  1- 3 |  4- 6 |  7- 9 || total
---------------------------+-------+-------+-------++-------
  Melee: Mace              |    95 |   213 |    60 ||   368
         Tailslap          |     6 |    23 |    38 ||    67
         Punch             |       |     2 |     4 ||     6
         Morningstar       |       |       |   266 ||   266
 Invoke: Berserk           |     2 |     2 |     2 ||     6
         Trog's Hand       |       |       |     1 ||     1
    Use: Scroll            |     1 |     5 |     3 ||     9
         Potion            |       |     1 |       ||     1
 Armour: Animal skin       |    11 |       |       ||    11
         Scale mail        |    53 |   143 |   224 ||   420
  Dodge: Dodged            |    61 |   104 |   112 ||   277

Table legend: (Time is in decaauts)
 A = Elapsed time spent in this place.
 B = Non-inter-level travel time spent in this place.
 C = Inter-level travel time spent in this place.
 D = Time resting spent in this place.
 E = Time spent auto-exploring this place.
 F = Levels seen in this place.
 G = Mean time per level.
                   A        B        C        D        E       F      G
               +--------+--------+--------+--------+--------+-----+--------+
         Total |   7452 |   7179 |    273 |   1915 |   3760 |   7 | 1064.6 |
       Dungeon |   7452 |   7179 |    273 |   1915 |   3760 |   7 | 1064.6 |
               +--------+--------+--------+--------+--------+-----+--------+

Top non-repeatable levels by time:
     D:3: 1342 daAuts
     D:6: 1328 daAuts
     D:5: 1284 daAuts
     D:4: 1258 daAuts
     D:1: 1033 daAuts
     D:2: 829 daAuts
     D:7: 375 daAuts
